AoeStats
← tilmanv

Black Forest

509720700Analyzed
4v4 RM · 6d ago on Sep 27, 2026· 53m 1s· 8 players
Game mode
Random Map
Map size
Large (8 player)
Population
200
Speed
Normal
Resources
Standard
Victory
Conquest
Starting age
Dark Age
Ending age
Imperial Age
RankedLock teamsTeams togetherTeam positionsShared explorationLock speedFull tech treeHidden civsTurbo modeCheats
Victory
Defeat
🇮🇳 Bohemians · India
1113
+13
🇲🇽 Gurjaras · Mexico
1100
+13
🇦🇷 Armenians · Argentina
1038
+16
🇦🇷 Franks · Argentina
996
+17
🇩🇪 Teutons · Germany
1054
-16
🇵🇰 Saxons · Pakistan
1049
-15
🇫🇷 Bengalis · France
1048
-15
🇺🇸 Persians · United States
1002
-13
tilmanv
3:13 Loom
14:01 Feudal Age
15:34 Wheelbarrow
15:45 Double-Bit Axe
19:14 Castle Age
17:31 Gold Mining
18:18 Stone Mining
20:23 Hand Cart
20:21 Bow Saw
29:41 Imperial Age
26:56 Horse Collar
30:16 Cavalier
31:07 Bloodlines
32:08 Forging
32:04 Scale Barding Armor
33:11 Two-Man Saw
31:50 Paladin
33:49 Iron Casting
33:35 Heavy Plow
35:46 Crop Rotation
36:13 Town Watch
38:14 Blast Furnace
37:36 Chain Barding Armor
38:31 Conscription
38:18 Town Patrol
38:56 Caravan
38:34 Pikeman
39:14 Squires
39:00 Arson
39:08 Onager
41:28 Plate Barding Armor
43:45 Scale Mail Armor
45:18 Chain Mail Armor
46:06 Siege Onager
48:44 Halberdier
50:39 Plate Mail Armor
Bovine
9:37 Feudal Age
16:16 Castle Age
25:11 Wheelbarrow
26:08 Double-Bit Axe
26:43 Caravan
28:05 Hand Cart
27:50 Stone Mining
27:54 Gold Mining
28:16 Husbandry
29:33 Bloodlines
29:33 Scale Barding Armor
29:40 Forging
29:21 Horse Collar
30:39 Bow Saw
33:24 Imperial Age
30:54 Loom
31:46 Heavy Plow
32:27 Iron Casting
32:20 Town Watch
33:13 Chain Barding Armor
32:45 Fletching
34:37 Crop Rotation
35:12 Blast Furnace
36:38 Elite War Elephant
38:52 Two-Man Saw
37:59 Devotion
38:56 Citadels
39:09 Conscription
39:56 Hoardings
41:08 Kamandaran
40:29 Crossbowman
41:15 Thumb Ring
43:06 Ballistics
43:15 Bodkin Arrow
43:20 Padded Archer Armor
43:56 Plate Barding Armor
48:19 Leather Archer Armor
48:05 Scale Mail Armor
52:19 Chemistry
51:40 Onager
stink
0:32 Loom
12:35 Feudal Age
17:37 Castle Age
16:41 Double-Bit Axe
16:39 Horse Collar
19:37 Wheelbarrow
21:50 Bow Saw
21:47 Gold Mining
29:34 Heavy Plow
29:37 Scale Mail Armor
29:48 Forging
29:57 Hand Cart
30:41 Gold Shaft Mining
33:38 Imperial Age
32:27 Chain Mail Armor
32:47 Iron Casting
32:18 Squires
32:04 Arson
32:04 Gambesons
33:14 Stone Mining
34:04 Elite Varangian Guard
34:30 Shield Wall
36:00 Plate Mail Armor
37:34 Conscription
Slayer30
1:01 Loom
15:24 Feudal Age
19:49 Castle Age
18:31 Wheelbarrow
18:06 Double-Bit Axe
18:09 Horse Collar
24:27 Bow Saw
26:26 Heavy Plow
26:35 Gold Mining
26:50 Stone Mining
28:18 Hand Cart
28:55 Caravan
32:18 Fletching
35:27 Imperial Age
33:10 Bodkin Arrow
33:16 Padded Archer Armor
34:34 Ballistics
35:17 Leather Archer Armor
35:37 Coinage
35:24 Town Watch
35:54 Masonry
35:57 Fortified Wall
36:09 Bracer
37:12 Chemistry
35:38 Elite Elephant Archer
36:31 Paiks
36:47 Conscription
37:43 Two-Man Saw
37:36 Ring Archer Armor
37:47 Siege Engineers
38:42 Architecture
38:59 Mahayana
39:55 Town Patrol
40:35 Crop Rotation
40:27 Bloodlines
40:18 Husbandry
Blackwarlock07
11:13 Feudal Age
9:38 Loom
14:17 Loom
17:22 Castle Age
19:39 Double-Bit Axe
19:48 Horse Collar
24:04 Bow Saw
29:24 Imperial Age
28:01 Wheelbarrow
28:03 Squires
30:12 Chemistry
30:15 Houfnice
30:30 Pikeman
30:56 Arson
31:44 Halberdier
33:20 Ballistics
34:27 Siege Engineers
34:17 Fletching
34:28 Padded Archer Armor
34:39 Forging
34:30 Scale Mail Armor
38:30 Iron Casting
38:11 Leather Archer Armor
40:38 Blast Furnace
41:23 Chain Mail Armor
43:44 Ring Archer Armor
43:13 Murder Holes
48:27 Plate Mail Armor
50:55 Caravan
Tlacaelel.MX
0:33 Loom
14:25 Feudal Age
17:56 Double-Bit Axe
20:26 Castle Age
20:33 Horse Collar
20:55 Stone Mining
21:36 Bow Saw
26:25 Heavy Plow
27:34 Wheelbarrow
31:22 Hand Cart
35:56 Imperial Age
33:36 Town Watch
33:42 Gold Mining
34:31 Stone Shaft Mining
34:33 Ballistics
34:29 Masonry
34:00 Treadmill Crane
35:42 Kshatriyas
36:14 Fletching
36:25 Padded Archer Armor
36:38 Fortified Wall
38:13 Bloodlines
38:03 Husbandry
37:33 Elite Skirmisher
38:41 Thumb Ring
39:49 Chemistry
38:46 Bodkin Arrow
39:18 Town Patrol
39:58 Bracer
40:14 Leather Archer Armor
39:57 Murder Holes
40:46 Elite Elephant Archer
43:23 Conscription
43:32 Caravan
43:32 Light Cavalry
46:40 Crop Rotation
47:47 Hoardings
48:22 Heavy Camel Rider
50:18 Scale Barding Armor
50:23 Forging
50:18 Scale Mail Armor
crepysa
3:56 Loom
7:34 Loom
10:43 Feudal Age
11:12 Double-Bit Axe
11:09 Horse Collar
17:58 Castle Age
16:44 Gold Mining
16:49 Stone Mining
18:05 Wheelbarrow
17:48 Fletching
19:14 Bow Saw
20:29 Town Watch
21:04 Heavy Plow
26:07 Hand Cart
31:05 Imperial Age
28:52 Squires
29:29 Gambesons
29:30 Arson
29:56 Forging
29:46 Bodkin Arrow
29:54 Padded Archer Armor
29:55 Scale Mail Armor
30:06 Cilician Fleet
31:25 Iron Casting
30:49 Murder Holes
30:55 Murder Holes
30:51 Pikeman
30:51 Man-at-Arms
31:48 Chain Mail Armor
31:50 Leather Archer Armor
32:18 Fereters
31:39 Capped Ram
33:21 Chemistry
32:17 Halberdier
32:17 Long Swordsman
34:27 Blast Furnace
33:58 Plate Mail Armor
34:03 Conscription
33:33 Two-Handed Swordsman
35:01 Champion
36:58 Siege Ram
37:19 Elite Composite Bowman
42:58 Bracer
48:15 Ring Archer Armor
九點半
7:33 Loom
14:24 Feudal Age
19:25 Castle Age
17:14 Double-Bit Axe
20:34 Wheelbarrow
21:36 Bow Saw
25:46 Hand Cart
25:17 Town Watch
27:27 Caravan
30:09 Forging
30:05 Scale Barding Armor
31:11 Gold Mining
31:12 Stone Mining
32:34 Iron Casting
32:20 Chain Barding Armor
35:50 Imperial Age
34:42 Town Patrol
35:51 Onager
37:42 Chemistry
37:02 Ballistics
36:49 Husbandry
36:12 Cavalier
38:00 Blast Furnace
37:36 Plate Barding Armor
37:08 Chivalry
37:28 Conscription
38:07 Gold Shaft Mining
38:41 Paladin
49:40 Light Cavalry
Connection lost

Rejoining the realm…

Still unreachable

The connection could not be restored.

Session expired

The server has moved on; the page needs a fresh start.